 Dungeon Crawl Stone Soup version 0.29-a0-559-g359e09b (webtiles) character file.

Game seed: 17298741675055191317

15140 Dawnplanks the Basher (level 11, 97/99 HPs)
             Began as a Minotaur Berserker on Aug 15, 2020.
             Was a High Priest of Trog.
             Quit the game on level 11 of the Dungeon on June 10, 2022.
             The game lasted 00:32:15 (9350 turns).

Dawnplanks the Basher (Minotaur Berserker)          Turns: 9350, Time: 00:32:15

Health: 97/99      AC: 18    Str: 24    XL:     11   Next: 97%
Magic:  10/10      EV: 12    Int:  4    God:    Trog [*****.]
Gold:   358        SH: 16    Dex: 11    Spells: 10/10 levels left

rFire   + . .      SeeInvis .   z - +2 flail (protect)
rCold   . . .      Faith    .   g - +0 kite shield
rNeg    . . .      Spirit   .   M - +5 ring mail "Quekhl Rihu" {rElec Will+ rCorr}
rPois   .          Reflect  +   (helmet restricted)
rElec   +          Harm     .   H - +0 cloak
rCorr   +          Rampage  +   f - +1 pair of gloves
Will    +....                   L - +1 pair of boots {rampage}
Stlth   +.........              a - amulet of Wu Jian's Inspiration {Reflect rF+ SH+5}
HPRegen 0.26/turn               P - ring of obsoleteness
MPRegen 0.12/turn               (no ring)

@: no status effects
A: horns 2, retaliatory headbutt
a: Renounce Religion, Berserk, Trog's Hand, Brothers in Arms


You were on level 11 of the Dungeon.
You worshipped Trog.
Trog was extremely pleased with you.
You visited 2 branches of the dungeon, and saw 12 of its levels.

You collected 572 gold pieces.
You spent 214 gold pieces at shops.

Inventory:

Hand Weapons
 r - a +3 hand axe
 z - a +2 flail of protection (weapon)
 J - a +3 dire flail of flaming
Missiles
 d - 4 javelins (quivered)
 t - 2 silver javelins
Armour
 f - a +1 pair of gloves (worn)
 g - a +0 kite shield (worn)
 k - a +1 helmet
 H - a +0 cloak (worn)
 I - a +2 helmet
 L - a +1 pair of boots of rampaging (worn)
 M - the +5 ring mail "Quekhl Rihu" (worn) {rElec Will+ rCorr}
   (You found it on level 9 of the Dungeon)

   rElec:     It insulates you from electricity.
   rCorr:     It protects you from acid and corrosion.
   Will:      It increases your willpower.
 O - +0 steam dragon scales
Jewellery
 a - the amulet of Wu Jian's Inspiration (around neck) {Reflect rF+ SH+5}
   (You found it on level 4 of the Dungeon)

   [amulet of reflection]

   It reflects blocked missile attacks.
   rF:        It protects you from fire.
   SH:        It affects your SH (+5).
 P - a ring of obsoleteness (left hand)
Wands
 v - a wand of mindburst (8)
 y - a wand of flame (52)
 B - a wand of polymorph (10)
 C - a wand of acid (8)
 G - a wand of removedness (11)
Scrolls
 c - 13 scrolls of identify
 e - 4 scrolls of noise
 h - 4 scrolls of magic mapping
 i - a scroll of fog {unknown}
 n - 5 scrolls of teleportation {unknown}
 o - a scroll of vulnerability {unknown}
 q - a scroll of enchant weapon {unknown}
 u - a scroll of enchant armour {unknown}
 w - a scroll of amnesia {unknown}
 x - 7 scrolls of removedness
 F - 2 scrolls of immolation {unknown}
 K - 2 scrolls of blinking {unknown}
 N - a scroll of acquirement {unknown}
 R - a scroll of fear {unknown}
Potions
 b - 3 potions of might {unknown}
 j - 5 potions of curing {unknown}
 l - 5 potions of brilliance {unknown}
 m - 2 potions of heal wounds
 p - a potion of invisibility {unknown}
 s - 5 potions of attraction {unknown}
 A - a potion of haste {unknown}
 D - a potion of ambrosia {unknown}
 E - 4 potions of flight {unknown}
 Q - 3 potions of degeneration {unknown}


   Skills:
 + Level 9.6 Fighting
 + Level 7.7(11.1) Axes
 + Level 12.4(13.3) Maces & Flails
 + Level 9.4 Armour
 + Level 6.6 Dodging
 + Level 11.8 Shields


You had 10 spell levels left.
You didn't know any spells.
Your spell library was empty.

Dungeon Overview and Level Annotations

Branches:
Dungeon (11/15)            Temple (1/1) D:5            Lair (0/6) D:10
    Orc (0/2) D:10

Altars:
Ashenzari
Cheibriados
Dithmenos
Elyvilon
Fedhas
Gozag
Hepliaklqana
Kikubaaqudgha
Makhleb
Okawaru
Qazlal
Ru
Sif Muna
Trog
Uskayaw
Vehumet
Wu Jian
Xom
Yredelemnul
Zin
The Shining One

Shops:
D:4 x   D:6 *   D:11 *


Innate Abilities, Weirdness & Mutations

You have a pair of horns on your head.
You reflexively headbutt those who attack you in melee.


Message History

The orc wizard casts a spell at you. You resist with almost no effort.
You closely miss the orc wizard.
The orc wizard is severely wounded.
The orc wizard gestures at you while chanting.
The magic dart hits you but does no damage.
You hit the orc wizard but do no damage.
The orc wizard is severely wounded.
The orc wizard closely misses you.
You closely miss the orc wizard.
The orc wizard is severely wounded.
The orc wizard mumbles some strange words.
The orc wizard seems to speed up.
You barely miss the orc wizard. Your headbutt misses the orc wizard.
The orc wizard is severely wounded.
The orc wizard casts a spell.
The orc wizard blinks!
You sock the orc wizard!
You kill the orc wizard!
Trog accepts your kill.
Trog appreciates your killing of a magic user.
No target in view!
No target in view!
No target in view!
No target in view!
No target in view!
Things that are here:
a +0 dagger; a +0 robe
Items here: )))) [[ †.
Okay, then.
c - 13 scrolls of identify (gained 1) Saving game... please wait.
Welcome back, Dawnplanks the Minotaur Berserker.
Trog says: Kill them all!
Press ? for a list of commands and other information.
You can't go down here!
You can't go up here!
Okay, then.
Unknown command.
Are you sure you want to abandon this character and quit the game? (Confirm with "yes".)

#########..
.......)...
################..
#.......∩..# #..
#.########.# #..
#.########.#####..
#.##.......##.....
#.##.......##....<
#@##..............
#.##......###...#.
#)##......# #####.
#.######### #.
#.[........ #.
#...######### #.
....#... . ...
#... . ....#


There were no monsters in sight!

Vanquished Creatures
  Erolcha (D:9)
  The ghost of Caerwyn the Prestidigitator, a journeyman GnAr of Ashenzari (D:10)
  3 two-headed ogres
  Pikel (D:6)
  An ugly thing (D:11)
  Joseph (D:9)
  4 trolls
  Prince Ribbit (D:7)
  2 removed hippogriffs
  A wyvern (D:10)
  16 yaks
  A wraith (D:10)
  A basilisk (D:10)
  A steam dragon (D:10)
  Edmund (D:5)
  A water moccasin (D:8)
  3 orc warriors
  2 ice beasts
  4 black bears
  2 sky beasts
  3 phantoms
  6 ogres
  7 centaurs
  3 removed crocodiles (D:10)
  3 bullfrogs
  2 kobold brigands
  Blork the orc (D:5)
  2 gnoll sergeants
  A wyvern zombie (D:10)
  A water moccasin zombie (D:10)
  5 scorpions
  5 killer bees (D:7)
  A howler monkey (D:7)
  14 wights
  11 hounds
  A quasit (D:10)
  3 bullfrog zombies
  An orc priest (D:10)
  Crazy Yiuf (D:7)
  2 centaur skeletons
  8 orc wizards
  4 bullfrog skeletons
  2 iguanas
  Terence (D:3)
  Ijyb (D:5)
  7 removed worker ants
  3 hound skeletons
  A removed worker ant zombie (D:6)
  11 gnolls
  17 adders
  A shadow imp (D:9)
  4 white imps
  An ufetubus (D:10)
  2 adder zombies
  2 worms
  2 adder skeletons
  3 dart slugs (D:1)
  42 orcs
  6 removed leopard geckos
  5 ball pythons
  5 giant cockroaches
  4 goblins
  10 hobgoblins
  6 jackals
  19 kobolds
  7 quokkas
  8 bats
  3 frilled lizards (D:3)
  A quokka skeleton (D:5)
  A quokka zombie (D:10)
  12 rats
  2 removed leopard gecko skeletons
322 creatures vanquished.

Notes
Turn   | Place    | Note
-------+----------+-------------------------------------------
     0 | D:1      | Dawnplanks the Minotaur Berserker began the quest for the
                  | Orb.
     0 | D:1      | Reached XP level 1. HP: 19/19 MP: 0/0
   420 | D:1      | Reached XP level 2. HP: 25/27 MP: 1/1
   574 | D:1      | Reached XP level 3. HP: 33/33 MP: 2/2
   596 | D:1      | You fall into a shaft and drop 1 floor!
   597 | D:2      | Reached ** piety under Trog
   690 | D:1      | You fall into a shaft and drop 1 floor!
   932 | D:2      | Reached XP level 4. HP: 41/41 MP: 3/3
   940 | D:2      | Reached skill level 5 in Axes
   969 | D:2      | Found a shimmering blue altar of Sif Muna.
  1341 | D:3      | Reached XP level 5. HP: 42/47 MP: 4/4
  1496 | D:3      | Reached *** piety under Trog
  1658 | D:3      | Noticed Terence
  1667 | D:3      | Killed Terence
  2176 | D:4      | Got a translucent crystal amulet
  2187 | D:4      | Identified the amulet of Wu Jian's Inspiration {Reflect rF+
                  | SH+5} (You found it on level 4 of the Dungeon)
  2315 | D:4      | Reached XP level 6. HP: 55/55 MP: 5/5
  2469 | D:4      | Found Pirrudd's Gadget Emporium.
  2548 | D:4      | Found an ancient bone altar of Kikubaaqudgha.
  2590 | D:5      | Entered Level 5 of the Dungeon
  2600 | D:5      | Noticed Ijyb
  2601 | D:5      | Reached skill level 5 in Fighting
  2606 | D:5      | Reached **** piety under Trog
  2612 | D:5      | Killed Ijyb
  2618 | D:5      | Found a staircase to the Ecumenical Temple.
  2630 | Temple   | Entered the Ecumenical Temple
  2841 | D:5      | Noticed Edmund
  2866 | D:5      | Killed Edmund
  2866 | D:5      | Reached skill level 5 in Armour
  2866 | D:5      | Reached skill level 1 in Shields
  2866 | D:5      | Reached XP level 7. HP: 61/61 MP: 6/6
  3254 | D:5      | Noticed Blork the orc
  3265 | D:5      | Killed Blork the orc
  3400 | D:5      | Reached skill level 1 in Maces & Flails
  3559 | D:6      | Noticed Pikel
  3571 | D:6      | Killed Pikel
  3571 | D:6      | Reached skill level 3 in Maces & Flails
  3571 | D:6      | Reached XP level 8. HP: 22/70 MP: 7/7
  3960 | D:6      | Reached skill level 5 in Shields
  3993 | D:6      | Reached skill level 4 in Maces & Flails
  4113 | D:6      | Found Unwu's Assorted Antiques.
  4329 | D:6      | Reached XP level 9. HP: 75/75 MP: 8/8
  4382 | D:6      | Reached skill level 5 in Maces & Flails
  4769 | D:7      | Noticed Prince Ribbit
  4783 | D:7      | Killed Prince Ribbit
  4783 | D:7      | Reached skill level 6 in Maces & Flails
  4851 | D:7      | Reached skill level 7 in Maces & Flails
  4892 | D:7      | Reached ***** piety under Trog
  5437 | D:7      | Found a runed translucent door.
  5438 | D:7      | Noticed Crazy Yiuf
  5534 | D:7      | Killed Crazy Yiuf
  5577 | D:8      | Found a shattered altar of Ashenzari.
  5681 | D:8      | Reached skill level 5 in Dodging
  5700 | D:8      | Reached skill level 8 in Maces & Flails
  5700 | D:8      | Reached XP level 10. HP: 78/86 MP: 9/9
  5814 | D:8      | Received a gift from Trog
  6376 | D:8      | Noticed a two-headed ogre
  6384 | D:8      | Killed a two-headed ogre
  6384 | D:8      | Reached skill level 9 in Maces & Flails
  6444 | D:8      | Noticed a two-headed ogre
  6452 | D:8      | Killed a two-headed ogre
  6952 | D:9      | Got a smoking ring mail
  6964 | D:9      | Identified the +5 ring mail "Quekhl Rihu" {rElec MR+ rCorr}
                  | (You found it on level 9 of the Dungeon)
  7018 | D:9      | Noticed a two-headed ogre
  7029 | D:9      | Killed a two-headed ogre
  7029 | D:9      | Reached skill level 10 in Maces & Flails
  7354 | D:9      | Reached XP level 11. HP: 95/95 MP: 10/10
  7439 | D:9      | Noticed Joseph
  7456 | D:9      | Killed Joseph
  7456 | D:9      | Reached skill level 10 in Shields
  7652 | D:9      | Noticed Erolcha
  7660 | D:9      | Killed Erolcha
  7712 | D:10     | Entered Level 10 of the Dungeon
  7732 | D:10     | Found a transporter.
  7733 | D:10     | Noticed Caerwyn's ghost (journeyman GnAr)
  7784 | D:10     | Reached skill level 11 in Maces & Flails
  8026 | D:10     | Found a staircase to the Lair.
  8105 | D:10     | Found a transporter.
  8173 | D:10     | Killed Caerwyn's ghost
  8528 | D:10     | Found a staircase to the Orcish Mines.
  9015 | D:11     | Reached skill level 12 in Maces & Flails
  9210 | D:11     | Noticed a cyan ugly thing
  9224 | D:11     | Killed a cyan ugly thing
  9297 | D:11     | Found Luafaif's General Store.
  9300 | D:11     | Bought a +1 pair of boots of rampaging for 214 gold pieces
  9350 | D:11     | Upgraded the game from 0.26-a0-540-g8a0c946 to
                  | 0.29-a0-559-g359e09b
  9350 | D:11     | Quit the game

Illustrated notes

Levels and vault maps discovered:
D:1:      dpeg_arrival_leaves_temple_mockup, layout_basic
D:2:      layout_basic, led_sif_pool
D:3:      layout_rooms, gup_sewer_entry_spiral, uniq_terence
D:4:      layout_rooms, lemuel_coloured_pillars_altar, serial_shops,
          nicolae_shop_stone
D:5:      layout_basic, nicolae_overflow_hidden_temple,
          minmay_temple_entry_stoned_glass, uniq_ijyb, uniq_edmund,
          uniq_blork_the_orc
D:6:      layout_loops_corners, serial_shops, nicolae_shop_overgrown_old_shop,
          uniq_pikel
D:7:      layout_rooms, uniq_crazy_yiuf_cottage, uniq_prince_ribbit1
D:8:      layout_basic, nicolae_ashenzari_panopticon, st_stairs_3
D:9:      layout_roguey, minmay_sticks_and_stones, uniq_erolcha
D:10:     layout_long_grid, erik_lair_dragon, hiddenorc1_lemuel,
          gammafunk_ghost_mausoleum
D:11:     layout_basic, serial_shops, shop, lemuel_old_faithful
Temple:   compressed_dpeg_circular_temple

Skill      XL: |  1  2  3  4  5  6  7  8  9 10 11 |
---------------+----------------------------------+-----
Axes           | 4 5 6 7 |  7.7
Fighting       | 4 5 6 7 8 9 |  9.6
Armour         | 3 4 5 6 7 9 |  9.4
Dodging        | 3 4 5 6 |  6.6
Shields        | 1 4 5 8 9 11 | 11.8
Maces & Flails | 3 4 8 10 12 | 12.4

Action                   |  1- 3 |  4- 6 |  7- 9 | 10-12 || total
-------------------------+-------+-------+-------+-------++-------
Melee: Hand axe          |    83 |   167 |       |       ||   250
       Headbutt          |    12 |    24 |    48 |   119 ||   203
       Flail             |       |       |   253 |   558 ||   811
Invok: Berserk           |     1 |     3 |     3 |     5 ||    12
       Trog's Hand       |     1 |     1 |       |     4 ||     6
  Use: Scroll            |       |       |       |     3 ||     3
Armor: Leather armour    |    18 |     7 |       |       ||    25
       Chain mail        |       |    32 |   111 |    24 ||   167
       Ring mail         |       |       |       |   137 ||   137
Dodge: Dodged            |    63 |    70 |    63 |   179 ||   375
Block: Kite shield       |       |    24 |   254 |   474 ||   752
       Reflection        |       |     2 |     3 |    19 ||    24

Table legend: (Time is in decaauts)
 A = Elapsed time spent in this place.
 B = Non-inter-level travel time spent in this place.
 C = Inter-level travel time spent in this place.
 D = Time resting spent in this place.
 E = Time spent auto-exploring this place.
 F = Levels seen in this place.
 G = Mean time per level.
                   A        B        C        D        E       F      G
               +--------+--------+--------+--------+--------+-----+--------+
         Total |   9444 |   8661 |    783 |    637 |   6140 |  12 |  787.0 |
       Dungeon |   9361 |   8586 |    775 |    637 |   6067 |  11 |  851.0 |
        Temple |     83 |     75 |      8 |      0 |     73 |   1 |   83.0 |
               +--------+--------+--------+--------+--------+-----+--------+

Top non-repeatable levels by time:
     D:8: 1311 daAuts
    D:10: 1257 daAuts
     D:6: 1255 daAuts
     D:5: 895 daAuts
     D:3: 870 daAuts
     D:9: 832 daAuts
     D:7: 816 daAuts
     D:1: 693 daAuts
     D:2: 624 daAuts
     D:4: 471 daAuts
    D:11: 333 daAuts
  Temple: 83 daAuts
